 Dungeon Crawl Stone Soup version 0.27.1-15-g792fb953b9 (webtiles) character file.

Game seed: 10832976482087649630

198 ddubois the Covert (level 5, -5/28 HPs)
             Began as a Spriggan Delver on Nov 20, 2021.
             Was a Follower of Nemelex Xobeh.
             Blown up by Ijyb (33 damage)
             ... with a mindburst bolt
             ... on level 3 of the Dungeon.
             The game lasted 00:12:51 (4208 turns).

ddubois the Covert (Spriggan Delver)                Turns: 4208, Time: 00:13:03

Health: -5/28      AC:  2    Str:  8    XL:     5   Next: 47%
Magic:  6/6        EV: 19    Int: 13    God:    Nemelex Xobeh [*.....]
Gold:   160        SH:  0    Dex: 16    Spells: 4/4 levels left

rFire    . . .     SeeInvis +   a - +0 short sword
rCold    . . .     Faith    .   (shield restricted)
rNeg     . . .     Spirit   .   b - +0 robe
rPois    .         Reflect  .   (helmet restricted)
rElec    .         Harm     .   (no cloak)
rCorr    .         Rampage  .   (gloves unavailable)
Will     .....                  (boots unavailable)
Stlth    ++++......             (no amulet)
HPRegen  0.09/turn              (no ring)
MPRegen  0.10/turn              (no ring)

@: very quick
A: very small, no large weapons, unfitting armour, see invisible, speed 3
a: Renounce Religion, Draw Escape, Draw Destruction, Draw Summoning


You were on level 3 of the Dungeon.
You worshipped Nemelex Xobeh.
Nemelex Xobeh was aware of your devotion.
You visited 1 branch of the dungeon, and saw 6 of its levels.

You collected 160 gold pieces.

Inventory:

Hand Weapons
 a - a +0 short sword (weapon)
 k - a +2 vorpal hand axe
Missiles
 h - 78 bolts
 i - a boomerang (quivered)
 j - 112 stones
 w - 24 arrows
Armour
 b - a +0 robe (worn)
Wands
 g - a wand of digging (3)
Scrolls
 c - a scroll of fog
 d - 2 scrolls of magic mapping
 e - a scroll of fear
 l - a scroll of noise {unknown}
 n - a scroll of teleportation {unknown}
 p - 2 scrolls of immolation
 r - a scroll of brand weapon {unknown}
 s - 2 scrolls of amnesia {unknown}
Potions
 f - 2 potions of haste
 m - a potion of lignification {unknown}
 o - a potion of ambrosia {unknown}
 q - 2 potions of curing {unknown}
 t - a potion of heal wounds {unknown}
 u - a potion of might {unknown}
 v - a potion of invisibility {unknown}


   Skills:
 + Level 3.5 Fighting
 - Level 2.1 Short Blades
 + Level 4.8 Dodging
 + Level 8.8 Stealth


You had 4 spell levels left.
You didn't know any spells.
Your spell library was empty.

Dungeon Overview and Level Annotations

Branches:
Dungeon (6/15)
 Temple: D:4-7

Altars:
Nemelex Xobeh

Shops:
D:2 =

Annotations:
D:3 Ijyb


Innate Abilities, Weirdness & Mutations

You are very small and have problems with some larger weapons.
You are too small for most types of armour.
You have supernaturally acute eyesight. (SInv)
You cover ground extremely quickly. (Speed+++)


Message History

The quokka is heavily wounded.
You hit the quokka.
You kill the quokka!
You see here a quokka corpse.
You start resting.
HP restored.
The helpless goblin fails to defend itself.
You impale the goblin!!
You kill the goblin!
No target in view!
Things that are here:
a +0 club; a goblin corpse You now have 160 gold pieces (gained 9).
Found a metallic red potion.
v - a metallic red potion
Found 24 arrows.
Found a stone staircase leading down.
Nemelex Xobeh deals you some cards!
You now have 3 escape cards, 3 destruction cards and 1 summoning card.
A bat comes into view.
A bat is nearby!
A bat is nearby!
A bat is nearby!
The helpless bat fails to defend itself.
You impale the bat!!
You kill the bat!
w - 24 arrows Ijyb the Twisted Goblin comes into view.
She is wielding a +0 dagger, wearing a +1 chain mail of fire resistance and carrying a wand of mindburst (10).
Ijyb is nearby!
Ijyb is nearby!
Unknown command.
Unknown command.
Unknown command.
The helpless Ijyb fails to defend herself.
You impale Ijyb!!
Ijyb is almost dead.
Ijyb zaps a wand.
Your mind is blasted!
Ouch! That really hurt!
You die...
Your body disappears without a glow.

####.......#
.....###...#
####..†..#.###
#####.....##
###..>.....#
####...########
#....###
#########.####
......g@..#
###########


You could see Ijyb.

Vanquished Creatures
  A necrophage (D:4)
  3 adders
  A worm (D:2)
  5 dart slugs
  7 orcs
  7 endoplasms
  2 giant cockroaches (D:1)
  2 hobgoblins
  2 jackals (D:3)
  4 kobolds
  6 quokkas
  6 ball pythons
  7 bats
  2 frilled lizards (D:1)
  5 goblins
  5 rats (D:1)
65 creatures vanquished.

Notes
Turn   | Place    | Note
-------+----------+-------------------------------------------
     0 | D:5      | ddubois the Spriggan Delver began the quest for the Orb.
     0 | D:5      | Reached XP level 1. HP: 11/11 MP: 2/2
   162 | D:6      | Noticed an orc wizard
   162 | D:6      | Noticed a hound
   165 | D:6      | Noticed an orc priest
   445 | D:4      | Noticed a necrophage
   450 | D:4      | Killed a necrophage
   451 | D:4      | Reached skill level 8 in Stealth
   451 | D:4      | Reached XP level 2. HP: 16/16 MP: 3/3
   451 | D:4      | Reached XP level 3. HP: 20/20 MP: 4/4
   451 | D:4      | Reached XP level 4. HP: 24/24 MP: 5/5
  1485 | D:2      | Reached XP level 5. HP: 26/28 MP: 6/6
  1564 | D:2      | Found Fomuy's Jewellery Shoppe.
  2287 | D:1      | Found a faded altar of an unknown god.
  2853 | D:1      | Became a worshipper of Nemelex Xobeh the Trickster
  2853 | D:1      | Reached * piety under Nemelex Xobeh
  3861 | D:2      | Found Fomuy's Jewellery Shoppe.
  4190 | D:3      | Received a gift from Nemelex Xobeh
  4205 | D:3      | Noticed Ijyb
  4208 | D:3      | Blown up by Ijyb

Illustrated notes

Levels and vault maps discovered:
D:1:      saegor_arrival_simple_e, layout_basic,
          hellmonk_ecumenical_altar_blasted
D:2:      layout_basic, serial_shops, nicolae_shop_trees
D:3:      layout_rooms, lemuel_doored_altar, uniq_crazy_yiuf_cottage, uniq_ijyb,
          uniq_sigmund
D:4:      layout_loops_cross
D:5:      layout_cave_pods, cheibrodos_gnoll_hut
D:6:      layout_cave_pools, tso_altar, minmay_temple_entry_mist,
          gup_sewer_entry_spiral, minmay_fractal_squares_gapless_5

Skill      XL: |  1 |
---------------+----+-----
Fighting       | 3 |  3.5
Dodging        | 4 |  4.8
Stealth        | 8 |  8.8
Short Blades   | |  2.1

Action                   |  1- 3 |  4- 6 || total
-------------------------+-------+-------++-------
Melee: Short sword       |     6 |   252 ||   258
Throw: Boomerang         |       |    27 ||    27
 Stab: Sleeping          |     2 |    30 ||    32
       Distracted        |       |     2 ||     2
Armor: Robe              |     1 |    17 ||    18
Dodge: Dodged            |     3 |   150 ||   153
